 Dungeon Crawl Stone Soup version 0.30-a0-169-g06f667207d (webtiles) character file.

Game seed: 3748341207978642871

77 qw the Chopper (level 4, -11/28 HPs)
             Began as a Gargoyle Fighter on Sept 30, 2022.
             Killed from afar by Ijyb (15 damage)
             ... with a bolt of light
             ... on level 3 of the Dungeon.
             The game lasted 00:00:35 (1786 turns).

qw the Chopper (Gargoyle Fighter)                   Turns: 1786, Time: 00:00:36

Health: -11/28     AC: 11    Str: 22    XL:     4   Next: 33%
Magic:  4/4        EV:  9    Int:  8    God:
Gold:   46         SH: 10    Dex:  9    Spells: 3/3 levels left

rFire   . . .      SeeInvis .    Y - +0 war axe
rCold   + . .      Faith    .    o - +1 buckler {rC+}
rNeg    + . .      Spirit   .    b - +0 scale mail
rPois   inf        Reflect  +    g - +0 helmet
rElec   +          Harm     .    (no cloak)
rCorr   +          Rampage  .    (no gloves)
Will    .....                    (no boots)
Stlth   ..........               m - amulet of reflection
HPRegen 0.09/turn                n - ring of resist corrosion
MPRegen 0.09/turn                (no ring)

@: no status effects
A: sickness immunity, AC +3, negative energy resistance 1, electricity
resistance, torment resistance 1, petrification resistance
a: no special abilities


You were on level 3 of the Dungeon.
You visited 1 branch of the dungeon, and saw 3 of its levels.

You collected 163 gold pieces.
You spent 117 gold pieces at shops.


Innate Abilities, Weirdness & Mutations

You are immune to sickness and miasma.
Your stone body is resilient. (AC +3)
You are immune to poison.
You resist negative energy. (rN+)
You are resistant to electric shocks. (rElec)
You are resistant to unholy torment.
You are immune to petrification.


   Skills:
 - Level 3.2 Fighting
 + Level 4.0 Axes
 - Level 3.2 Armour
 - Level 3.2 Shields


You had 3 spell levels left.
You didn't know any spells.
Your spell library was empty.

Inventory:

Hand Weapons
 f - a +0 whip
 Y - a +0 war axe (weapon)
Armour
 b - a +0 scale mail (worn)
 g - a +0 helmet (worn)
 h - a +0 pair of gloves
 o - a +1 buckler of cold resistance (worn)
Jewellery
 e - a ring of fire
 m - an amulet of reflection (around neck)
 n - a ring of resist corrosion (left hand)
Scrolls
 a - a scroll of identify
 c - a scroll of magic mapping {unknown}
Potions
 d - a potion of might
 i - a potion of resistance
 j - 2 potions of attraction
 k - 4 potions of lignification
 l - 2 potions of curing
 p - a potion of heal wounds {unknown}

Dungeon Overview and Level Annotations

Branches:
Dungeon (3/15)

Altars:
Xom

Shops:
D:2 !(=[   D:3 =

Annotations:
D:3 Ijyb


Message History

The adder bites you but does no damage. The adder closely misses you.
You barely miss the adder. The adder bites you but does no damage.
The adder completely misses you.
You slash the adder!
The adder is almost dead.
The adder closely misses you. The adder barely misses you.
You miss the adder.
The adder is almost dead.
You block the adder's attack. The adder barely misses you.
You hit the adder but do no damage.
The adder is severely wounded.
You block the adder's attack.
You slash the adder!
You kill the adder!
Your Axes skill increases to level 4!
You see here an adder corpse.
A kobold comes into view. It is wielding a +0 short sword.
The kobold shouts!
A rat comes into view.
Enter note: You closely miss the kobold.
The kobold barely misses you.
You slash the rat!
You kill the rat!
You barely miss the kobold. You block the kobold's attack.
The kobold closely misses you.
You hit the kobold.
You kill the kobold!
You now have 46 gold pieces (gained 7).
p - a blue potion Ijyb the Twisted Goblin comes into view.
She is wielding a +0 dagger, wearing a +0 scale mail of fire resistance and carrying a wand of light (14).
Ijyb screams, "You nasty!
Big nasty!"
Ijyb zaps a wand.
The bolt of light hits you!
Ouch! That really hurt!
Ijyb zaps a wand.
The bolt of light hits you!
You slash Ijyb!
Ijyb is moderately wounded.
Ijyb zaps a wand.
The bolt of light hits you!
Ouch! That really hurt!
You die...

.....##
#.##..# #.#
...### #.##..#
#.# #.##
#.##..#####.#
#.#
#...........#
#.#
####.########
#.# #.# #.# #.
###
#########.#
#.# #..
......g@..#
#.###.#
#########...#
#.....# ###.#
......# .#
......# #
......###
........#
......#.######
..#......#...#


You could see Ijyb.

Vanquished Creatures
  Terence (D:2)
  2 adders
  An endoplasm (D:1)
  A giant cockroach (D:3)
  4 goblins
  3 hobgoblins
  2 quokkas (D:1)
  2 ball pythons (D:1)
  4 bats
  3 frilled lizards
  7 kobolds
  A rat (D:3)
31 creatures vanquished.

Notes
Turn   | Place    | Note
-------+----------+-------------------------------------------
     0 | D:1      | qw the Gargoyle Fighter began the quest for the Orb.
     0 | D:1      | Reached XP level 1. HP: 14/14 MP: 1/1
     0 | D:1      | 0 ||| qw: Version: 0.2-a-12-gaebbb33
     0 | D:1      | 0 ||| qw: Game counter: 1394
     0 | D:1      | 0 ||| qw: Always use a shield: true
     0 | D:1      | 0 ||| qw: God list: Okawaru
     0 | D:1      | 0 ||| qw: Allow faded altars: false
     0 | D:1      | 0 ||| qw: Do Orc after D:15 true
     0 | D:1      | 0 ||| qw: Do second Lair branch before Depths: true
     0 | D:1      | 0 ||| qw: Lair rune preference: random
     0 | D:1      | 0 ||| qw: Plans: Normal, Zot:1-4, God:TSO, Crypt, Tomb,
                  | Pan, Slime:5, Hells, Abyss, Orb
     0 | D:1      | 0 ||| PLANNING D:1-11
   112 | D:1      | Reached skill level 2 in Axes
   265 | D:1      | Reached XP level 2. HP: 19/19 MP: 2/2
   836 | D:1      | Found a faded altar of an unknown god.
   985 | D:1      | 985 ||| UPGRADING to +0 helmet.
   990 | D:1      | 990 ||| READING 5 scrolls labelled JOEKIR GEMUJUY.
   991 | D:1      | 991 ||| DRINKING 2 metallic coppery potions.
  1031 | D:1      | 1031 ||| READING 4 scrolls of identify.
  1031 | D:1      | 1031 ||| IDENTIFYING ruby potion
  1032 | D:1      | 1032 ||| READING 3 scrolls of identify.
  1032 | D:1      | 1032 ||| IDENTIFYING puce potion
  1080 | D:2      | Reached skill level 3 in Axes
  1080 | D:2      | Reached XP level 3. HP: 23/23 MP: 3/3
  1135 | D:2      | Found a shimmering altar of Xom.
  1189 | D:2      | Found Jer Dysch's Distillery.
  1193 | D:2      | 1193 ||| BUYING potion of attraction (39 gold).
  1193 | D:2      | Bought a potion of attraction for 39 gold pieces
  1193 | D:2      | 1193 ||| BUYING potion of curing (39 gold).
  1193 | D:2      | Bought a potion of curing for 39 gold pieces
  1193 | D:2      | 1193 ||| SHOPLISTING potion of heal wounds (65 gold, have
                  | 48).
  1193 | D:2      | 1193 ||| BUYING potion of lignification (39 gold).
  1193 | D:2      | Bought a potion of lignification for 39 gold pieces
  1193 | D:2      | 1193 ||| SHOPLISTING potion of might (52 gold, have 9).
  1294 | D:2      | Found Muuzit's Jewellery Boutique.
  1304 | D:2      | 1304 ||| SHOPLISTING amulet of Vitality {RegenMP++ Regen++}
                  | (1400 gold, have 21).
  1304 | D:2      | 1304 ||| SHOPLISTING ring of fire (350 gold, have 21).
  1304 | D:2      | 1304 ||| SHOPLISTING ring of see invisible (210 gold, have
                  | 21).
  1341 | D:2      | Noticed Terence
  1351 | D:2      | Killed Terence
  1352 | D:2      | Reached XP level 4. HP: 25/28 MP: 4/4
  1435 | D:2      | Found Xenat's Armour Shop.
  1448 | D:2      | 1448 ||| SHOPLISTING +0 pair of gloves (63 gold, have 39).
  1448 | D:2      | 1448 ||| SHOPLISTING +2 buckler (231 gold, have 39).
  1448 | D:2      | 1448 ||| SHOPLISTING +2 leather armour of cold resistance
                  | (266 gold, have 39).
  1461 | D:2      | 1461 ||| Stepping ~*~*~tactically~*~*~ (stealth).
  1477 | D:2      | Found Qaac's Weapon Emporium.
  1483 | D:2      | 1483 ||| SHOPLISTING +1 morningstar of protection (129
                  | gold, have 39).
  1483 | D:2      | 1483 ||| SHOPLISTING +1 whip of draining (126 gold, have
                  | 39).
  1483 | D:2      | 1483 ||| SHOPLISTING +9 war axe of Eskaff {elec, *Slow rN+
                  | MP+9 Str+3 Dex+4} (1021 gold, have 39).
  1579 | D:2      | 1579 ||| UPGRADING to +1 buckler of cold resistance.
  1589 | D:2      | 1589 ||| DROPPING +0 buckler.
  1590 | D:2      | 1590 ||| UPGRADING to amulet of reflection.
  1595 | D:2      | 1595 ||| UPGRADING to ring of resist corrosion.
  1596 | D:2      | 1596 ||| READING scroll labelled UCOEN NAKHOIG.
  1601 | D:2      | 1601 ||| READING 2 scrolls of identify.
  1601 | D:2      | 1601 ||| IDENTIFYING fizzy puce potion
  1602 | D:2      | 1602 ||| DROPPING potion of berserk rage.
  1694 | D:3      | Found Niraolam's Jewellery Emporium.
  1707 | D:3      | 1707 ||| SHOPLISTING +4 ring of protection (468 gold, have
                  | 39).
  1707 | D:3      | 1707 ||| SHOPLISTING +4 ring of slaying (1014 gold, have
                  | 39).
  1707 | D:3      | 1707 ||| SHOPLISTING ring of ice (325 gold, have 39).
  1707 | D:3      | 1707 ||| SHOPLISTING ring of protection from cold (325
                  | gold, have 39).
  1707 | D:3      | 1707 ||| SHOPLISTING ring of see invisible (195 gold, have
                  | 39).
  1733 | D:3      | Reached skill level 4 in Axes
  1783 | D:3      | Noticed Ijyb
  1785 | D:3      | HP: 4/28 [Ijyb/bolt of light (10)]
  1786 | D:3      | Killed from afar by Ijyb

Levels and vault maps discovered:
D:1:      sevenhm_arrival_forest_fort_small_4, layout_basic,
          dilly_ecumenical_altar_fadedgnrine, serial_rivers,
          chequers_serial_rivers_small_b, chequers_serial_rivers_micro_d,
          chequers_serial_rivers_large_a, chequers_serial_rivers_room_b,
          chequers_serial_rivers_room_a, chequers_serial_rivers_small_a
D:2:      layout_basic, serial_shops, nicolae_shop_waterfront, shop,
          shop_statue, shop, basic_altar, kennysheep_nondescript, uniq_terence
D:3:      layout_loops_ring, serial_shops, shop_statue, uniq_ijyb

Skill      XL: |  1  2  3  4 |
---------------+-------------+-----
Axes           | 2 3 4 |  4.0
Fighting       | |  3.2
Armour         | |  3.2
Shields        | |  3.2

Action                   |  1- 3 |  4- 6 || total
-------------------------+-------+-------++-------
Melee: War axe           |    71 |    28 ||    99
  Use: Scroll            |     3 |     2 ||     5
       Potion            |     1 |       ||     1
Armor: Scale mail        |    38 |    12 ||    50
Dodge: Dodged            |    23 |    12 ||    35
Block: Buckler           |    15 |     8 ||    23

Table legend:
 A = Non-vault XP
 B = Vault XP
 C = Vault XP percentage of total XP
 D = Non-vault monster count
 E = Vault monster count
 F = Vault count percentage of total count
                 A         B        C        D         E       F
            +---------+---------+-------+---------+---------+-------
      Total |      72 |      38 |  34.5 |      30 |       1 |   3.2
            +---------+---------+-------+---------+---------+-------
        D:1 |      26 |       0 |   0.0 |      16 |       0 |   0.0
        D:2 |      26 |      38 |  59.4 |       9 |       1 |  10.0
        D:3 |      20 |       0 |   0.0 |       5 |       0 |   0.0
            +---------+---------+-------+---------+---------+-------
